 Dungeon Crawl Stone Soup version 0.30-a0-358-g0d69a1922f (webtiles) character file.

Game seed: 7445986892150111456

276819 Maxmaps the Warrior (level 20, -4/296 HPs)
             Began as an Ogre Monk on Nov 9, 2022.
             Was the Champion of the Shining One.
             Slain by a +2 vorpal scimitar (11 damage)
             ... on level 2 of the Elven Halls.
             The game lasted 01:34:42 (52440 turns).

Maxmaps the Warrior (Ogre Monk)                    Turns: 52440, Time: 01:34:44

Health: -4/296     AC: 29    Str: 20      XL:     20   Next: 38%
Magic:  24/38      EV: 13    Int: 15 (17) God:    the Shining One [******]
Gold:   5624       SH: 14    Dex: 11      Spells: 41/47 levels left

rFire   + + +      SeeInvis .    p - +5 sacred scourge (holy)
rCold   + + +      Faith    .    u - +2 shield of Resistance {rF++ rC++ Will++}
rNeg    + + +      Spirit   .    (body armour currently unavailable)
rPois   ∞          Reflect  .    x - +2 hat
rElec   +          Harm     .    L - scarf {rC+ rF+}
rCorr   .          Rampage  .    (gloves unavailable)
Will    +++++      Clarity  +    (boots unavailable)
Stlth   +.........               o - amulet of the Four Winds {rN+ Will+++ Clar}
HPRegen 0.69/turn                h - +4 ring of evasion
MPRegen 0.26/turn                Y - ring of poison resistance

@: statue-form, very slightly contaminated, glowing, studying Hexes, very slow
A: slow and powerful, torment resistance 1, boosted hp, large, unfitting armour,
(tough skin 1), mutation resistance 1, wild magic 1
}: 2/15 runes: barnacled, gossamer
a: End Transformation, Renounce Religion, Divine Shield, Cleansing Flame, Summon
Divine Warrior


You were on level 2 of the Elven Halls.
You worshipped the Shining One.
The Shining One was exalted by your worship.
You were a living statue of rough stone.
You visited 7 branches of the dungeon, and saw 33 of its levels.
You also visited: Trove, Ice Cave and Volcano.

You collected 5736 gold pieces.
You spent 112 gold pieces at shops.

Inventory:

Hand Weapons
 p - a +5 sacred scourge of holy wrath (weapon)
Missiles
 q - 4 throwing nets
 I - 15 large rocks (quivered)
Armour
 i - the +13 storm dragon scales of Tonkucso (melded) {rElec Str+3}
   (You acquired it on level 3 of the Dungeon)

   Str:       It affects your strength (+3).
   rElec:     It insulates you from electricity.
 u - the +2 shield of Resistance (worn) {rF++ rC++ Will++}
   (You found it in a treasure trove)

   rF:        It greatly protects you from fire.
   rC:        It greatly protects you from cold.
   Will:      It greatly increases your willpower.
 x - a +2 hat (worn)
 L - a scarf of resistance (worn)
Jewellery
 h - a +4 ring of evasion (left fist)
 n - a ring of willpower
 o - the amulet of the Four Winds (around neck) {rN+ Will+++ Clar}
   (You found it on level 3 of the Shoals)

   [amulet of nothing]

   rN:        It protects you from negative energy.
   Clar:      It protects you against confusion.
   Will:      It greatly increases your willpower.
 D - a ring of protection from cold
 K - a ring of protection from fire
 Y - a ring of poison resistance (right fist)
Wands
 b - a wand of quicksilver (31)
 c - a wand of flame (52)
 d - a wand of roots (34)
 s - a wand of paralysis (33)
 Q - a wand of polymorph (18)
 T - a wand of mindburst (8)
 U - a wand of digging (6)
Scrolls
 a - 3 scrolls of vulnerability
 j - 5 scrolls of butterflies
 k - 2 scrolls of fear
 r - a scroll of poison
 t - 6 scrolls of enchant armour
 y - a scroll of brand weapon
 N - a scroll of magic mapping
 R - 15 scrolls of identify
 S - 4 scrolls of silence
 V - 6 scrolls of amnesia
Potions
 e - 6 potions of attraction
 f - 6 potions of mutation
 g - 4 potions of resistance
 m - 5 potions of magic
 v - 4 potions of flight
 E - 3 potions of might
 H - a potion of haste
 J - 3 potions of curing
 P - a potion of brilliance
 W - 5 potions of ambrosia
 X - 2 potions of cancellation


   Skills:
 - Level 19.7 Fighting
 - Level 11.2 Maces & Flails
 - Level 9.2 Armour
 - Level 2.6 Dodging
 - Level 1.4 Stealth
 - Level 14.5 Shields
 - Level 14.0 Spellcasting
 + Level 14.9 Transmutations
 - Level 14.0 Earth Magic
 - Level 12.4 Invocations


You had 41 spell levels left.
You knew the following spells:

 Your Spells              Type           Power      Damage    Failure   Level
a - Statue Form           Tmut/Erth      42%        N/A       7%          6

Your spell library contained the following spells:

 Spells                   Type           Power      Damage    Failure   Level
 Passwall                 Tmut/Erth      52%        N/A       1%          2
 Lee's Rapid Deconstruct  Erth           31%        3d16*     1%          5
 Ignite Poison            Fire/Tmut/Pois 33%        N/A       7%          3
 Ice Form                 Ice/Tmut       42%        N/A       8%          4
 Leda's Liquefaction      Hex/Erth       20%        N/A       9%          4
 Freeze                   Ice            52%        1d6       14%         1
 Magic Dart               Conj           52%        1d5       14%         1
 Summon Small Mammal      Summ           52%        N/A       14%         1
 Blink                    Tloc           26%        N/A       22%         2
 Call Imp                 Summ           13%        N/A       22%         2
 Cigotuvi's Dreadful Rot  Necr/Pois/Air  26%        N/A       22%         2
 Ensorcelled Hibernation  Hex/Ice        26%        N/A       22%         2
 Call Canine Familiar     Summ           13%        N/A       38%         3
 Frozen Ramparts          Ice            26%        1d4       38%         3
 Gell's Gravitas          Tloc           13%        N/A       38%         3
 Hailstorm                Conj/Ice       13%        3d5       38%         3
 Kindle Blastsparks       Fire/Tloc/Air  26%        2d12      38%         3
 Lesser Beckoning         Tloc           26%        N/A       38%         3
 Mephitic Cloud           Conj/Pois/Air  13%        N/A       38%         3
 Summon Guardian Golem    Hex/Summ       13%        N/A       38%         3
 Swiftness                Air            13%        N/A       38%         3
 Teleport Other           Tloc           13%        N/A       38%         3
 Manifold Assault         Tloc           13%        N/A       77%         4
 Summon Lightning Spire   Summ/Air       13%        N/A       77%         4
 Arcjolt                  Conj/Air       6%         1d16      97%         5
 Freezing Cloud           Conj/Ice/Air   6%         6-21      97%         5
 Iskenderun's Battlesphe  Conj           13%        2d7       97%         5
 Storm Form               Tmut/Air       21%        N/A       99%         7
 Simulacrum               Ice/Necr       6%         N/A       100%        6
 Maxwell's Capacitive Co  Air            6%         ∞         100%        8
 Necromutation            Tmut/Necr      21%        N/A       100%        8


Dungeon Overview and Level Annotations

Branches:
Dungeon (15/15)            Temple (1/1) D:6            Lair (5/5) D:10
 Shoals (4/4) Lair:2       Spider (4/4) Lair:2        Slime (0/5) Lair:4
    Orc (2/2) D:12            Elf (2/3) Orc:2        Vaults (0/5) D:13
 Depths (0/4) D:15          IceCv (visited)         Volcano (visited)

Altars:
Ashenzari
Cheibriados
Dithmenos
Elyvilon
Fedhas
Gozag
Hepliaklqana
Kikubaaqudgha
Makhleb
Nemelex Xobeh
Okawaru
Qazlal
Ru
Sif Muna
Trog
Uskayaw
Vehumet
Wu Jian
Xom
Yredelemnul
Zin
The Shining One

Shops:
D:4 :((?   D:10 *   D:11 !   Orc:2 *=([*   Elf:1 =:   Shoals:2 ([**:

Annotations:
Elf:2 3 runed translucent doors


Innate Abilities, Weirdness & Mutations

You are a living statue of rough stone.
Your actions are slow, but your melee attacks are powerful.
You are resistant to unholy torment.
Your maximum health is greatly increased.
You are immune to poison.
Your equipment is partially melded.
You are too large for most types of armour.
((You have tough skin. (AC +1)))
You are somewhat resistant to further mutation.
Your spells are a little harder to cast, but a little more powerful.


Message History

Your daeva hits the +2 bardiche of electrocution with a +2 eudemon blade of holy wrath!
Your daeva hits the +2 bardiche of electrocution with a +2 eudemon blade of holy wrath.
A deep elf pyromancer comes into view. It is wielding a +0 dagger.
The +2 bardiche of electrocution hits your daeva!!
Unknown command.
You feel better.
You block the +5 vorpal trident's attack.
You block the deep elf knight's attack.
The +2 vorpal scimitar barely misses you.
The +2 halberd of protection closely misses you.
You block the fire elemental's attack.
The deep elf knight hits you with a +0 short sword.
* * * LOW HITPOINT WARNING * * *
The +5 vorpal trident barely misses you.
The +2 halberd of protection hits you but does no damage.
Your daeva completely misses the +2 bardiche of electrocution.
Your daeva hits the +2 bardiche of electrocution with a +2 eudemon blade of holy wrath.
The +2 vorpal scimitar completely misses you.
The deep elf pyromancer mumbles some strange words.
The deep elf pyromancer blinks!
A deep elf knight comes into view. It is wielding a +0 long sword.
Your daeva blocks the +2 bardiche of electrocution's attack.
The fire elemental hits you.
The +5 vorpal trident closely misses you.
You block the deep elf knight's attack.
Unknown command.
You thrash the deep elf knight!!
The deep elf knight is moderately wounded.
Your daeva dissolves into sparkling lights!
The +2 vorpal scimitar barely misses you.
You block the +2 halberd of protection's attack.
The +5 vorpal trident hits you from afar.
* * * LOW HITPOINT WARNING * * *
x2 The deep elf knight mumbles some strange words.
The deep elf knight seems to speed up.
The fire elemental barely misses you. The fire elemental closely misses you.
The deep elf knight hits you with a +0 short sword!
The Shining One protects you from harm! The +2 vorpal scimitar hits you!
You die...

######### ##############
.##.....###.....##.....###.
....).)#...#....8E....#...#
....).#.....#..Ee((..#.....
....)#.......#..°((.#......
....#...).....#..○○#°......
#..#...........#..#°.......
.##........e....##......(..
.##.............##.........
#..#.....e.....#..#........
....#.........#....#.......


You could see 2 deep elf knights, a deep elf pyromancer, 2 fire elementals and 4
dancing weapons.

Vanquished Creatures
  Arachne (Spider:4)
  Frances (Spider:1)
  A deep elf sorcerer (Elf:1)
  5 emperor scorpions
  An orc warlord (Orc:1)
  3 ghost moths
  2 broodmothers
  A deep elf demonologist (Elf:1)
  A spark wasp (Spider:4)
  The ghost of jasper the Severer, a journeyman DsBe of Trog (D:13)
  A deep elf death mage (Elf:1)
  3 merfolk impalers
  A fire dragon (Lair:5)
  3 entropy weavers
  A rakshasa (D:14)
  Harold (Lair:2)
  6 hydras
  4 radroaches
  A merfolk avatar (Shoals:4)
  An alligator snapping turtle (Shoals:4)
  A jorogumo (Spider:2)
  2 ghost crabs (Spider:4)
  2 catoblepae
  5 merfolk aquamancers
  12 dancing weapons
  8 two-headed ogres
  9 centaur warriors
  10 boulder beetles
  A satyr (Shoals:3)
  3 orc high priests
  10 slime creatures
  10 death yaks
  3 deep elf knights (Elf:1)
  Sonja (Lair:2)
  Nergalle (Lair:3)
  A sun moth (Spider:2)
  3 skeletal warriors (D:14)
  Amaemon (Lair:2)
  6 pharaoh ants
  10 sea snakes
  8 steelbarb worms
  9 orb spiders
  A glowing orange brain (shapeshifter) (Elf:1)
  8 harpies
  Pikel (D:9)
  8 deep elf archers (Elf:1)
  14 deep elf pyromancers
  A wolf spider zombie (D:15)
  A lindwurm (Lair:5)
  9 deep elf zephyrmancers (Elf:1)
  3 salamanders (Volcano)
  27 wolf spiders
  A necromancer (D:15)
  5 orc sorcerers
  7 cyclopes
  6 ugly things
  5 moths of wrath
  An oklob plant (D:15)
  4 orc knights
  9 elephants
  18 manticores
  4 fauns (Shoals:2)
  8 black mambas
  2 ice statues (IceCv)
  7 merfolk sirens
  A guardian serpent (Lair:5)
  2 centaur skeletons (D:15)
  A water nymph (Shoals:2)
  11 torpor snails
  An orange demon (Lair:2)
  5 molten gargoyles (Volcano)
  4 gargoyles
  18 cane toads
  3 efreet
  A tengu conjurer (D:14)
  2 kobold demonologists
  2 rime drakes
  An unseen horror (D:13)
  The ghost of osoart the Shield-Bearer, a novice GrFi (D:4)
  7 komodo dragons
  5 demonic crawlers
  14 trolls
  A meliai (Lair:2)
  9 hornets
  8 tyrant leeches
  24 merfolk
  3 polar bears
  18 blink frogs
  27 tarantellas
  7 dream sheep (Lair:3)
  A harpy skeleton (D:15)
  7 wind drakes
  9 snapping turtles
  36 jumping spiders
  21 culicivoras
  Sigmund (D:3)
  2 centaur simulacra
  2 shadows
  14 wyverns
  A vampire (D:12)
  Eustachio (D:5)
  3 fire elementals
  27 yaks
  6 water elementals
  3 basilisks
  64 redbacks
  8 steam dragons
  9 vampire mosquitoes
  6 wargs
  Edmund (D:5)
  A swamp worm (shapeshifter) (D:14)
  3 acid dragons
  21 water moccasins
  18 orc warriors
  A sky beast (shapeshifter) (Elf:1)
  A sky beast (D:8)
  11 wolves
  9 ogres
  10 centaurs
  A tengu (shapeshifter) (Elf:1)
  A phantom (D:6)
  A lemure (D:9)
  3 kobold brigands
  A necrophage (D:6)
  8 bullfrogs
  10 gnoll sergeants
  A cane toad simulacrum (IceCv)
  2 earth elementals (Elf:1)
  5 wights
  2 elephant simulacra (IceCv)
  16 killer bees
  5 electric eels
  10 howler monkeys
  6 crimson imps (D:14)
  2 lava snakes (D:9)
  13 hounds
  4 jellies
  18 orc priests
  4 gnoll boudas
  Ijyb (D:3)
  3 iguanas
  21 orc wizards
  2 wolf simulacra (IceCv)
  2 scorpion simulacra (D:4)
  44 gnolls
  3 adders
  A hound simulacrum (D:4)
  A shadow imp (D:14)
  4 white imps
  A dart slug (D:5)
  3 adder simulacra (D:4)
  58 orcs
  3 bats
  5 endoplasms
  2 giant cockroaches
  7 goblins
  6 hobgoblins
  2 jackals (D:4)
  2 quokkas
  10 ball pythons
  6 frilled lizards
  17 kobolds
  5 rats
  A bush (D:15)
  A butterfly (Lair:3)
  4 tentacles (Shoals:3)
1106 creatures vanquished.

Vanquished Creatures (collateral kills)
  A deep elf blademaster (Elf:2)
  An emperor scorpion (Spider:3)
  A ghost moth (Spider:3)
  2 merfolk impalers (Shoals:4)
  An entropy weaver (Spider:3)
  A merfolk avatar (Shoals:4)
  A radroach (Spider:3)
  4 two-headed ogres (D:13)
  A dancing weapon (Elf:2)
  3 deep elf knights (Elf:2)
  A sea snake (Shoals:4)
  A lindwurm (Lair:5)
  A deep elf pyromancer (Elf:2)
  A moth of wrath (Spider:3)
  A water nymph (Lair:2)
  A troll (Orc:2)
  2 merfolk (Shoals:4)
  3 hornets (Lair:5)
  2 jumping spiders
  3 redbacks
  A warg (Orc:2)
  5 orc warriors (Orc:2)
  Blork the orc (Orc:2)
  2 orc wizards (Orc:2)
  2 orcs (Orc:2)
43 creatures vanquished.

Vanquished Creatures (others)
  A dancing weapon (Elf:1)
  A deep elf zephyrmancer (Elf:1)
  2 deep elf pyromancers
  2 water elementals (Elf:1)
  An orc (D:10)
  31 fungi
  133 plants
  8 tentacles (Shoals:3)
  5 toadstools (D:1)
184 creatures vanquished.

Grand Total: 1333 creatures vanquished

Notes
Turn   | Place    | Note
-------+----------+-------------------------------------------
     0 | D:1      | Maxmaps the Ogre Monk began the quest for the Orb.
     0 | D:1      | Reached XP level 1. HP: 24/24 MP: 1/1
    39 | D:1      | Found a large runed translucent door.
    39 | D:1      | Found a large runed translucent door.
   295 | D:1      | Reached XP level 2. HP: 28/32 MP: 2/2
   787 | D:1      | Found a faded altar of an unknown god.
  1479 | D:2      | Reached XP level 3. HP: 39/39 MP: 3/3
  2070 | D:3      | Noticed Ijyb
  2100 | D:3      | Killed Ijyb
  2101 | D:3      | Reached XP level 4. HP: 31/48 MP: 4/4
  2170 | D:3      | Identified 2 scrolls of acquirement
  2195 | D:3      | Acquired the +13 storm dragon scales of Tonkucso {rElec
                  | Str+3}
  2207 | D:3      | Acquired 771 gold pieces
  2520 | D:3      | Reached skill level 1 in Armour
  2584 | D:3      | Noticed Sigmund
  2596 | D:3      | Killed Sigmund
  2597 | D:3      | Reached XP level 5. HP: 46/54 MP: 5/5
  2597 | D:3      | Reached XP level 6. HP: 53/62 MP: 6/6
  2866 | D:3      | Found a snail-covered altar of Cheibriados.
  2866 | D:3      | Found an ancient bone altar of Kikubaaqudgha.
  3437 | D:4      | Found Ganyrgh's Antique Weapon Shop.
  3527 | D:4      | Found Jonlipn's Book Shoppe.
  3551 | D:4      | Reached XP level 7. HP: 52/70 MP: 7/7
  3639 | D:4      | Found an ornate altar of the Wu Jian Council.
  3640 | D:4      | Found a burning altar of Makhleb.
  3641 | D:4      | Found a blossoming altar of Fedhas.
  3644 | D:4      | Found a shadowy altar of Dithmenos.
  3644 | D:4      | Found a glowing golden altar of the Shining One.
  3644 | D:4      | Found an iron altar of Okawaru.
  3645 | D:4      | Found a shimmering blue altar of Sif Muna.
  3654 | D:4      | Became a worshipper of the Shining One
  3654 | D:4      | Reached * piety under the Shining One
  3654 | D:4      | Reached ** piety under the Shining One
  3736 | D:4      | Reached skill level 5 in Armour
  4005 | D:4      | Found a runed translucent gate.
  4005 | D:4      | Found a runed translucent gate.
  4005 | D:4      | Found a runed translucent gate.
  4038 | D:4      | Noticed osoart's ghost (novice GrFi)
  4081 | D:4      | Found Goq Qic's Weapon Shop.
  4130 | D:4      | Found Jedeg's Magic Scroll Emporium.
  4140 | D:4      | Bought a scroll of identify for 28 gold pieces
  4140 | D:4      | Bought a scroll of identify for 28 gold pieces
  4255 | D:4      | Killed osoart's ghost
  4273 | D:4      | Reached XP level 8. HP: 65/78 MP: 8/8
  4361 | D:5      | Entered Level 5 of the Dungeon
  4394 | D:5      | Noticed Edmund
  4408 | D:5      | Killed Edmund
  4455 | D:5      | Noticed Eustachio
  4479 | D:5      | Killed Eustachio
  5066 | D:6      | Reached *** piety under the Shining One
  5088 | D:6      | Reached XP level 9. HP: 84/84 MP: 9/9
  5388 | D:6      | Reached skill level 5 in Maces & Flails
  5426 | D:6      | Noticed a kobold demonologist
  5833 | D:6      | Found a staircase to the Ecumenical Temple.
  5899 | Temple   | Entered the Ecumenical Temple
  5907 | Temple   | Learned a level 6 spell: Statue Form
  6390 | D:6      | Reached XP level 10. HP: 32/92 MP: 10/10
  6910 | D:6      | Killed a kobold demonologist
  6910 | D:6      | Reached **** piety under the Shining One
  7873 | D:7      | Reached skill level 10 in Maces & Flails
  8501 | D:8      | Identified the +8 chain mail of the Abyss {Will+}
  8652 | D:8      | Noticed a two-headed ogre
  8793 | D:7      | Acquired a manual of Fighting
  8857 | D:8      | Found a hazy altar of Hepliaklqana.
  8909 | D:8      | Killed a two-headed ogre
  8910 | D:8      | Reached skill level 8 in Fighting
  8910 | D:8      | Reached XP level 11. HP: 48/113 MP: 11/11
  8953 | D:8      | Reached skill level 9 in Fighting
  9186 | D:8      | Reached skill level 10 in Fighting
 10017 | D:9      | Reached skill level 11 in Fighting
 10324 | D:9      | Noticed Pikel
 10331 | D:9      | Killed Pikel
 10332 | D:9      | Reached skill level 12 in Fighting
 10632 | D:9      | Reached skill level 13 in Fighting
 10859 | D:10     | Entered Level 10 of the Dungeon
 11008 | D:10     | Paralysed by a hornet for 3 turns
 11015 | D:10     | Reached skill level 14 in Fighting
 11041 | D:10     | Reached skill level 15 in Fighting
 11055 | D:10     | Noticed a two-headed ogre
 11068 | D:10     | Killed a two-headed ogre
 11252 | D:10     | Found Rojiadoif's Island Escapes.
 11271 | D:10     | Reached skill level 16 in Fighting
 11393 | D:10     | Found a staircase to the Lair.
 11528 | D:10     | Identified the +1 helmet "Dara" {+Inv Int-2 Dex+2}
 12388 | D:11     | Reached ***** piety under the Shining One
 12399 | D:11     | Found a frozen archway.
 12412 | IceCv    | Entered an ice cave
 12412 | IceCv    | Noticed a white ugly thing
 12417 | IceCv    | Reached skill level 17 in Fighting
 12420 | IceCv    | Killed a white ugly thing
 12461 | IceCv    | Found a transporter.
 12465 | IceCv    | Noticed a white ugly thing
 12490 | IceCv    | Found a transporter.
 12497 | IceCv    | Killed a white ugly thing
 12507 | IceCv    | Reached skill level 18 in Fighting
 12520 | IceCv    | Reached XP level 12. HP: 74/150 MP: 12/12
 12903 | D:11     | Reached skill level 19 in Fighting
 13136 | D:11     | Found Teqirim's Distillery.
 13146 | D:11     | Bought a potion of brilliance for 56 gold pieces
 13420 | D:12     | Identified the +6 spear of Superiority {holy, Str+9}
 13543 | D:12     | Noticed a two-headed ogre
 13547 | D:12     | Killed a two-headed ogre
 13584 | D:12     | Found a staircase to the Orcish Mines.
 13607 | D:12     | Noticed a boulder beetle
 13614 | D:12     | Killed a boulder beetle
 13790 | D:12     | Reached skill level 5 in Spellcasting
 14278 | Lair:1   | Entered Level 1 of the Lair of Beasts
 14343 | Lair:1   | Found a burning altar of Makhleb.
 14713 | Lair:1   | Noticed a death yak
 14716 | Lair:1   | Noticed a death yak
 14951 | Lair:1   | Killed a death yak
 14963 | Lair:1   | Killed a death yak
 14964 | Lair:1   | Reached XP level 13. HP: 142/165 MP: 23/25
 15561 | Lair:2   | Reached skill level 10 in Spellcasting
 15756 | Lair:2   | Noticed Sonja
 15772 | Lair:2   | Killed Sonja
 16042 | Lair:2   | Noticed Amaemon
 16054 | Lair:2   | Killed Amaemon
 16142 | Lair:2   | Found a hole to the Spider Nest.
 16361 | Lair:2   | Found a staircase to the Shoals.
 16371 | Lair:2   | Noticed Harold
 16378 | Lair:2   | Killed Harold
 17065 | Lair:3   | Noticed Nergalle
 17076 | Lair:3   | Killed Nergalle
 17400 | Lair:3   | Got Isho's Treatise on Mutated Battle Magic
 17878 | Lair:4   | Reached skill level 1 in Invocations
 17888 | Lair:4   | Reached ****** piety under the Shining One
 17896 | Lair:4   | Reached XP level 14. HP: 161/174 MP: 32/32
 18025 | Lair:4   | Found a staircase to the Slime Pits.
 18143 | Lair:4   | Reached skill level 5 in Invocations
 19091 | Lair:5   | Entered Level 5 of the Lair of Beasts
 19197 | Lair:5   | Found a dark tunnel.
 19210 | Volcano  | Entered a volcano
 19393 | Volcano  | Noticed an orb of fire
 19431 | Volcano  | Reached skill level 10 in Invocations
 19602 | Volcano  | Noticed an orb of fire
 20616 | Lair:5   | Reached XP level 15. HP: 167/183 MP: 33/33
 20622 | Lair:5   | Reached skill level 1 in Transmutations
 21497 | Lair:5   | Found a runed translucent door.
 21836 | Lair:5   | Reached skill level 5 in Transmutations
 22334 | Lair:5   | Paralysed by a hornet for 3 turns
 23398 | Orc:1    | Entered Level 1 of the Orcish Mines
 23872 | Orc:2    | Entered Level 2 of the Orcish Mines
 23872 | Orc:2    | Found a staircase to the Elven Halls.
 23901 | Orc:2    | Noticed Blork the orc
 23907 | Orc:2    | Killed Blork the orc
 23908 | Orc:2    | Reached skill level 1 in Earth Magic
 23914 | Orc:2    | Noticed an orc warlord
 24191 | Orc:1    | Killed an orc warlord
 25243 | Orc:2    | Found Emeasat's Overcharged Wands.
 25296 | Orc:2    | Found Olekeopn's Antique Weapon Shop.
 25346 | Orc:2    | Found Coziuhy's Antique Armour Shop.
 25371 | Orc:2    | Found Nooceig's Jewellery Shop.
 25554 | Orc:2    | Found Ytumuff's General Store.
 25870 | D:13     | Reached skill level 5 in Earth Magic
 25931 | D:13     | Found a gate to the Vaults.
 26099 | D:13     | Found a sacrificial altar of Ru.
 26370 | D:13     | Noticed jasper's ghost (journeyman DsBe)
 26371 | D:13     | Found a transporter.
 26372 | D:13     | Identified the +10 giant club "Wafarph" {vorpal, rC- Dex+5
                  | SInv}
 26378 | D:13     | Found a transporter.
 27202 | D:14     | Reached XP level 16. HP: 124/192 MP: 34/34
 28567 | D:15     | Entered Level 15 of the Dungeon
 29168 | D:15     | Found a staircase to the Depths.
 29545 | D:15     | Found a portal to a secret trove of treasure.
 29673 | D:15     | Found a blossoming altar of Fedhas.
 30147 | Shoals:1 | Entered Level 1 of the Shoals
 31469 | Shoals:2 | Found Jucom's Book Shop.
 31551 | Shoals:2 | Acquired 1132 gold pieces
 32120 | Shoals:2 | Found Nish's Visitors' Centre.
 32126 | Shoals:2 | Found Nish's Merfolk Weapons.
 32513 | Shoals:2 | Reached skill level 10 in Transmutations
 32695 | Shoals:2 | Found Nish's Merfolk Magic.
 32695 | Shoals:2 | Found Nish's Merfolk Armours.
 33818 | Shoals:3 | Reached skill level 10 in Earth Magic
 33873 | Shoals:3 | Noticed a kraken
 33879 | Shoals:3 | Found the amulet of the Four Winds {rN+ Will+++ Clar}
 34678 | Shoals:3 | Reached XP level 17. HP: 189/200 MP: 35/35
 35599 | Shoals:4 | Entered Level 4 of the Shoals
 36611 | Shoals:4 | Identified the +7 tower shield "Tyidab" {rN+ rCorr SInv}
 36618 | Shoals:4 | Gained mutation: You are frail. (-10% HP) [mutagenic glow]
 36999 | Shoals:4 | Got a barnacled rune of Zot
 37337 | D:15     | You paid a toll of a +6 demon trident to enter a treasure
                  | trove
 37338 | Trove    | Entered a treasure trove
 37344 | Trove    | Identified the +1 robe of Boef {rElec rCorr Int+4}
 37345 | Trove    | Identified the +0 robe of Impressiveness {Harm rElec rCorr
                  | Dex+4}
 37351 | Trove    | Found the +2 shield of Resistance {rF++ rC++ Will++}
 37362 | Trove    | Identified the +0 cloak of the Eternal Void {Harm rPois rF-
                  | rCorr}
 37366 | Trove    | Identified the +1 cloak of Buth {Regen+ Dex+3}
 37373 | Trove    | Identified the -2 cloak "Visiq" {-Tele rElec Str+2 SInv}
 37757 | Spider:1 | Entered Level 1 of the Spider Nest
 38486 | Spider:1 | Noticed Frances
 38497 | Spider:1 | Killed Frances
 39584 | Lair:2   | Identified a +2 sacred scourge of holy wrath (a +0 demon
                  | whip of venom blessed by the Shining One)
 39584 | Lair:2   | Received a gift from the Shining One
 39866 | Spider:1 | Reached skill level 1 in Shields
 40741 | Spider:2 | Reached skill level 5 in Shields
 42186 | Spider:2 | Reached XP level 18. HP: 189/189 MP: 36/36
 42385 | Spider:3 | Reached skill level 10 in Shields
 44176 | Spider:4 | Entered Level 4 of the Spider Nest
 44652 | D:13     | Killed jasper's ghost
 45751 | Spider:3 | Gained mutation: Your magical capacity is low. (-10% MP)
                  | [mutagenic glow]
 46008 | Spider:3 | Lost mutation: Your magical capacity is low. (-10% MP)
                  | [potion of mutation]
 46008 | Spider:3 | Lost mutation: You are frail. (-10% HP) [potion of
                  | mutation]
 46008 | Spider:3 | Gained mutation: Your magical capacity is low. (-10% MP)
                  | [potion of mutation]
 47048 | Spider:4 | Noticed Arachne
 47183 | Spider:3 | HP: 10/210 [radroach (37)]
 47185 | Spider:3 | Gained mutation: You expend magic power (3 MP) to
                  | strengthen your wands. [mutagenic glow]
 47195 | Spider:3 | Gained mutation: You are weak. (Str -2) [mutagenic glow]
 47558 | Spider:3 | Lost mutation: Your magical capacity is low. (-10% MP)
                  | [potion of mutation]
 47558 | Spider:3 | Lost mutation: You expend magic power (3 MP) to strengthen
                  | your wands. [potion of mutation]
 47558 | Spider:3 | Lost mutation: You are weak. (Str -2) [potion of mutation]
 47558 | Spider:3 | Gained mutation: Your spells are a little harder to cast,
                  | but a little more powerful. [potion of mutation]
 47558 | Spider:3 | Gained mutation: You are somewhat resistant to further
                  | mutation. [potion of mutation]
 47596 | Spider:4 | Killed Arachne
 49387 | Spider:4 | Identified the +0 hat of Gallantry {+Blink rElec Will++
                  | Slay-4}
 49448 | Spider:4 | Got a gossamer rune of Zot
 49850 | Orc:1    | Reached XP level 19. HP: 218/218 MP: 37/37
 49888 | Elf:1    | Entered Level 1 of the Elven Halls
 49956 | Elf:1    | Reached XP level 20. HP: 177/228 MP: 38/38
 50712 | Elf:1    | Found Gagurch's Book Emporium.
 50721 | Elf:1    | Got the Almanac of the Welkin
 50844 | Elf:1    | Found Loofis's Jewellery Emporium.
 51003 | Elf:1    | Identified the +0 robe of Plasticity {Int+4}
 52028 | Elf:2    | Found a runed translucent gate.
 52030 | Elf:2    | Found a runed translucent gate.
 52286 | Elf:2    | Found a runed translucent gate.
 52421 | Elf:2    | HP: 9/228 [deep elf knight/lance of force (36)]
 52430 | Elf:2    | HP: 10/228 [+2 bardiche of electrocution (9)]
 52430 | Elf:2    | HP: 4/228 [deep elf pyromancer/bolt of fire (6)]
 52436 | Elf:2    | HP: 9/228 [+5 vorpal trident (5)]
 52436 | Elf:2    | The Shining One protects you from harm!
 52440 | Elf:2    | The Shining One protects you from harm!
 52440 | Elf:2    | Slain by a +2 vorpal scimitar

Illustrated notes

Levels and vault maps discovered:
D:1:      erik_arrival_cave_to_civilisation [erik_arrival_cave_to_temple],
          layout_loops_corners, shapermc_ecumenical_altar_mp_urbaneastern,
          minmay_gold_behind_fungi
D:2:      layout_basic, kennysheep_generic_room_5
D:3:      layout_basic, minitemple, hangedman_decor_clover_reticule,
          uniq_sigmund, uniq_ijyb
D:4:      layout_gridville, grunt_temple_overflow_open, serial_shops, shop,
          shop, nicolae_lakefront_shop, nicolae_shop_hallway_stairs,
          gammafunk_ghost_icy, minmay_pentangle
D:5:      layout_loops_ring, lemuel_flamethrower_2, uniq_eustachio, uniq_edmund
D:6:      lemuel_castle_with_subvaults [lemuel_castle_interior_carwin_2],
          layout_loops_ring, minmay_temple_entry_glass, minmay_microvault
D:7:      layout_gridville, minmay_manual_mares
D:8:      minmay_four_partial_circles, layout_loops_ring,
          worldfamousw_hep_ancestral_shrine
D:9:      layout_basic, kennysheep_opposing_triangles, uniq_pikel
D:10:     layout_layer_cave, erik_lair_island, chequers_serial_rivers_small_b,
          nicolae_island_escapes
D:11:     layout_roguey, serial_shops, shop, portal_ice_cave_entry_pillars_2,
          minmay_diced_spiral
D:12:     layout_roguey, david_orc_1_choice
D:13:     minmay_octagon_keep, layout_irregular_city, erik_vaults_1,
          gammafunk_ghost_smash, nicolae_ru_sacrificial_ziggurat
D:14:     layout_basic, dreamdust_wishing_well, minmay_nine_imps
D:15:     grunt_enter_depths_magical_seal, layout_stronghold,
          grunt_decor_junction, nicolae_trove_entry_crystal, grunt_ministairs_5,
          tgw_fedhas
Temple:   nicolae_temple_x_marks_the_god
Lair:1:   layout_regular_city, basic_altar, dreamdust_deal_with_the_devil,
          chequers_serial_rivers_marsh, grunt_megastairs_1, lemuel_fruit_fields
Lair:2:   layout_chaotic_city, minmay_shoals_entry_hut,
          hellmonk_spider_entry_not_the_bees, grunt_megastairs_5, uniq_harold,
          uniq_sonja, uniq_amaemon
Lair:3:   layout_regular_city, lemuel_fruit_fields, serial_bayou_shore_b,
          uniq_nergalle
Lair:4:   beast_lair_carwin_large_3, layout_loops_ring, slime_entry_1,
          minmay_shattered_shrine
Lair:5:   hangedman_lair_tendril_chambers, layout_layer_cave, wormcave,
          enter_volcano_1, serial_bayou_shore_b
Shoals:1: layout_shoals
Shoals:2: nicolae_shoals_mermall, layout_shoals, nicolae_stop_n_shop_2
Shoals:3: cheibrodos_shoals_roost, layout_shoals
Shoals:4: shoals_end_simple, layout_shoals, nicolae_shoals_undead_eyrie
Spider:1: layout_spider_delve, uniq_frances
Spider:2: layout_chambers
Spider:3: layout_spider_delve, nicolae_spider_webbed_stairs
Spider:4: grunt_spider_rune_circles, nicolae_spider_swamp_cousins, uniq_arachne
Orc:1:    layout_caves
Orc:2:    grunt_orc_cross, layout_caves, basic_altar,
          nicolae_shop_overcharged_wands
Elf:1:    layout_gridlike, serial_shops, nicolae_shop_advertising_works
          [nicolae_subvault_shop_adworks], nicolae_lakefront_shop,
          evilmike_minifort, grunt_megastairs_2
Elf:2:    nicolae_elf_blades_splatter_lattice
          [nicolae_blade_entry_area_security], layout_geoelf_octagon,
          minmay_shop_star, uniq_nikola

Skill      XL: |  1  2  3  4  5  6  7  8  9 10 11 12 13 14 15 16 17 18 19 20 |
---------------+-------------------------------------------------------------+-----
Maces & Flails | 3 4 8 11 | 11.2
Armour         | 3 4 6 8 9 |  9.2
Fighting       | 8 18 19 | 19.7
Spellcasting   | 8 14 | 14.0
Invocations    | 2 12 | 12.4
Transmutations | 7 10 12 13 14 | 14.9
Earth Magic    | 7 10 12 14 | 14.0
Shields        | 9 14 | 14.5
Dodging        | |  2.6
Stealth        | |  1.4

Action                   |  1- 3 |  4- 6 |  7- 9 | 10-12 | 13-15 | 16-18 | 19-21 || total
-------------------------+-------+-------+-------+-------+-------+-------+-------++-------
Melee: Mace              |   102 |   121 |       |       |       |       |       ||   223
       Punch             |     1 |     1 |     1 |       |       |       |       ||     3
       Flail             |       |    51 |    18 |       |       |       |       ||    69
       Giant club        |       |       |    81 |       |       |       |       ||    81
       Giant spiked club |       |       |   150 |   570 |   862 |   765 |       ||  2347
       Sacred scourge    |       |       |       |       |       |  1047 |   326 ||  1373
Throw: Large rock        |       |       |       |       |       |    39 |     1 ||    40
       Throwing net      |       |       |       |       |       |     1 |       ||     1
 Cast: Statue Form       |       |       |       |       |       |     9 |     2 ||    11
Invok: Summon Divine War |       |       |       |       |     1 |     9 |     2 ||    12
       Brand Weapon With |       |       |       |       |       |     1 |       ||     1
  Use: Scroll            |     1 |     5 |    10 |    13 |    10 |    19 |     2 ||    60
       Potion            |     2 |       |     4 |     1 |     1 |    14 |    14 ||    36
 Stab: Sleeping          |     3 |       |       |       |       |       |       ||     3
Armor: Robe              |    20 |       |       |       |       |       |       ||    20
       Storm dragon scal |       |   138 |   310 |   638 |   889 |  1369 |   126 ||  3470
       Skin              |       |       |       |       |       |   289 |    11 ||   300
Dodge: Dodged            |    40 |    55 |   132 |   299 |   644 |  1106 |    94 ||  2370
Block: Other             |       |       |       |    38 |   312 |   144 |       ||   494
       Reflection        |       |       |       |     1 |     7 |    13 |       ||    21
       Kite shield       |       |       |       |       |       |   796 |   177 ||   973

Table legend: (Time is in decaauts)
 A = Elapsed time spent in this place.
 B = Non-inter-level travel time spent in this place.
 C = Inter-level travel time spent in this place.
 D = Time resting spent in this place.
 E = Time spent auto-exploring this place.
 F = Levels seen in this place.
 G = Mean time per level.
                   A        B        C        D        E       F      G
               +--------+--------+--------+--------+--------+-----+--------+
         Total |  53311 |  49695 |   3616 |  15363 |  24599 |  36 | 1480.9 |
       Dungeon |  19939 |  17709 |   2230 |   2814 |  11463 |  15 | 1329.3 |
        Temple |     65 |     65 |      0 |      0 |     46 |   1 |   65.0 |
          Lair |   9511 |   8922 |    589 |   2456 |   4962 |   5 | 1902.2 |
        Shoals |   7035 |   6970 |     65 |   3376 |   2106 |   4 | 1758.8 |
   Spider Nest |  10921 |  10278 |    643 |   4303 |   4070 |   4 | 2730.2 |
  Orcish Mines |   2425 |   2337 |     88 |   1092 |    848 |   2 | 1212.5 |
   Elven Halls |   2443 |   2443 |      0 |    996 |    804 |   2 | 1221.5 |
         Trove |     72 |     72 |      0 |      0 |      3 |   1 |   72.0 |
      Ice Cave |    292 |    292 |      0 |    191 |      0 |   1 |  292.0 |
       Volcano |    605 |    605 |      0 |    133 |    295 |   1 |  605.0 |
               +--------+--------+--------+--------+--------+-----+--------+

Top non-repeatable levels by time:
Spider:3: 3863 daAuts
  Lair:5: 3679 daAuts
Shoals:2: 2997 daAuts
Spider:1: 2801 daAuts
Spider:4: 2496 daAuts
Shoals:3: 2414 daAuts
     D:6: 2107 daAuts
  Lair:2: 2080 daAuts
   Elf:1: 2056 daAuts
Spider:2: 1760 daAuts
    D:10: 1753 daAuts
    D:15: 1707 daAuts
    D:13: 1705 daAuts
     D:1: 1705 daAuts
   Orc:1: 1697 daAuts
